 Dungeon Crawl Stone Soup version 0.31.0-32-g396128a36d (webtiles) character file.

Game seed: 17072899047664551220

122 Peloso the Covered (level 4, -1/40 HPs)
             Began as a Minotaur Fighter on Mar 23, 2024.
             Slain by an orc
             ... wielding a +0 trident
              (6 damage)
             ... on level 3 of the Dungeon.
             The game lasted 00:02:36 (1849 turns).

Peloso the Covered (Minotaur Fighter)               Turns: 1849, Time: 00:02:37

Health: -1/40      AC:  8    Str: 21    XL:     4   Next: 78%
Magic:  3/3        EV:  9    Int:  5    God:
Gold:   74         SH:  4    Dex: 11    Spells: 3/3 levels left

rFire   . . .        a - +1 long sword
rCold   . . .        d - +0 buckler
rNeg    . . .        b - +0 scale mail
rPois   .            (helmet restricted)
rElec   .            c - +0 cloak
rCorr   .            (no gloves)
SInv    .            (no boots)
Will    +....        (no amulet) Stlth
                     g - ring of willpower
HPRegen 0.26/turn    (no ring)
MPRegen 0.08/turn

%: no passive effects
@: no status effects
A: horns 2, retaliatory headbutt
a: no special abilities


You were on level 3 of the Dungeon.
You visited 1 branch of the dungeon, and saw 3 of its levels.

You collected 74 gold pieces.

Inventory:

Hand Weapons
 a - a +1 long sword (weapon)
Armour
 b - a +0 scale mail (worn)
 c - a +0 cloak (worn)
 d - a +0 buckler (worn)
Jewellery
 g - a ring of willpower (left hand)
Scrolls
 e - a scroll of identify {unknown}
 f - a scroll of noise {unknown}
 h - a scroll of butterflies {unknown}
 m - 2 scrolls of teleportation {unknown}
 n - a scroll of immolation {unknown}
 p - a scroll of brand weapon {unknown}
Potions
 i - 2 potions of resistance
 j - a potion of mutation {unknown}
 k - 2 potions of haste
 l - a potion of might
 o - a potion of invisibility {unknown}


   Skills:
 + Level 4.2 Fighting
 + Level 4.0 Long Blades
 + Level 4.8 Armour
 + Level 0.5 Dodging
 + Level 0.1 Stealth
 + Level 4.1 Shields


You had 3 spell levels left.
You didn't know any spells.
Your spell library was empty.

Dungeon Overview and Level Annotations

Branches:
Dungeon (2/15)

Altars:


Innate Abilities, Weirdness & Mutations

You have a pair of horns on your head.
You reflexively headbutt those who attack you in melee.


Message History

You block the orc's attack.
You slash the orc!
You kill the orc!
You hit something but do no damage.
The orc hits you from afar with a +0 trident.
You block something's attack. The orc closely misses you.
You closely miss something. Your headbutt misses something.
Something hits you but does no damage.
The orc hits you from afar with a +0 trident.
You barely miss something. Your headbutt misses something.
Something hits you but does no damage.
The orc hits you from afar with a +0 trident.
The orc throws a boomerang.
You hear some strange, mumbled words.
A puff of flame appears from out of thin air!
The puff of flame misses you.
You hit something. The orc hits you but does no damage.
The orc throws a boomerang.
The boomerang closely misses you. Something hits you but does no damage.
Unknown command.
You hit something. The orc barely misses you.
The orc throws a boomerang. x2
You block the boomerang.
You hear some strange, mumbled words.
A puff of flame appears from out of thin air!
The puff of flame hits you. The orc closely misses you.
The orc throws a boomerang.
Reactivating autopickup.
You feel a bit more experienced.
Your Long Blades skill increases to level 4!
The orc hits you but does no damage. The orc hits you with a +0 mace.
The orc hits you with a +0 trident.
Items here: )) [ ††.
You hit the orc. You headbutt the orc.
The orc is moderately wounded.
The orc hits you with a +0 hand axe.
* * * LOW HITPOINT WARNING * * *
The orc hits you with a +0 mace!
* * * LOW HITPOINT WARNING * * *
The orc hits you with a +0 trident.
You die...

##......###...#
#.######..#..###
.#.#
#.....##.##.o####
...#
#..#.....†..#
..##
##...†.####....##
###.#.......##.#
###...#.#...### #
......ooo.#....
#.#..###@#####.#
. #.# #.# #
....>...#
#)####..# #...
..## ###


You could see 3 orcs.

Vanquished Creatures
  4 gnolls
  2 adders (D:2)
  2 dart slugs
  An orc (D:3)
  6 ball pythons
  4 bats
  3 endoplasms
  4 giant cockroaches
  4 hobgoblins (D:1)
  5 kobolds
  A frilled lizard (D:1)
  6 goblins
  4 rats
46 creatures vanquished.

Vanquished Creatures (others)
  An orc wizard (D:3)
1 creature vanquished.

Grand Total: 47 creatures vanquished

Notes
Turn   | Place    | Note
-------+----------+-------------------------------------------
     0 | D:1      | Peloso the Minotaur Fighter began the quest for the Orb.
     0 | D:1      | Reached XP level 1. HP: 19/19 MP: 0/0
   283 | D:1      | Reached XP level 2. HP: 27/27 MP: 1/1
   831 | D:1      | Reached XP level 3. HP: 32/33 MP: 2/2
  1627 | D:1      | Reached XP level 4. HP: 38/40 MP: 3/3
  1793 | D:2      | You fall into a shaft and drop 1 floor!
  1849 | D:3      | Slain by an orc

Illustrated notes

Levels and vault maps discovered:
D:1:      elethiomel_arrival_maze, layout_basic, grunt_decor_clamped,
          minmay_misc_feat_square, minivault_14, grunt_decor_arrowhead,
          serial_park_tiny_1, minmay_pentomino_v2
D:2:      layout_loops_corners
D:3:      layout_rooms, ebering_ecumenical_altar_webs, serial_shops,
          nicolae_shop_gaudy_bauble, minmay_rat_hole

Skill      XL: |  1  2  3  4 |
---------------+-------------+-----
Armour         | 4 |  4.8
Fighting       | 4 |  4.2
Shields        | 4 |  4.1
Long Blades    | 3 4 |  4.0
Dodging        | |  0.5
Stealth        | |  0.1

Action                     |  1- 3 |  4- 6 || total
---------------------------+-------+-------++-------
  Melee: Long sword        |    72 |    34 ||   106
         Headbutt          |    13 |     5 ||    18
    Use: Potion            |     4 |       ||     4
         Scroll            |     2 |       ||     2
 Armour: Scale mail        |    74 |    37 ||   111
  Dodge: Dodged            |    31 |    20 ||    51
  Block: Buckler           |    19 |    10 ||    29
